 Dungeon Crawl Stone Soup version 0.25.0-8-gfd19cd77bd (webtiles) character file.

Game seed: 5400640798533041197

94 Anathary the Skirmisher (level 4, -2/35 HPs)
             Began as a Demonspawn Fighter on June 14, 2020.
             Was an Initiate of Trog.
             Slain by a gnoll
             ... wielding a cursed -1 flail
              (8 damage)
             ... on level 3 of the Dungeon on June 16, 2020.
             The game lasted 00:06:06 (1699 turns).

Anathary the Skirmisher (Demonspawn Fighter)        Turns: 1699, Time: 00:06:06

Health: -2/35      AC:  6    Str: 17    XL:     4   Next: 38%
Magic:  4/4        EV:  6    Int:  9    God:    Trog [......]
Gold:   73         SH:  8    Dex: 13    Spells: 3/3 levels left

rFire    . . .     SeeInvis .   a - +0 long sword
rCold    . . .     Gourm    .   c - +0 kite shield
rNeg     . . .     Faith    .   b - +0 scale mail
rPois    .         Spirit   .   (helmet restricted)
rElec    .         Reflect  .   (no cloak)
rCorr    .         Harm     .   (no gloves)
MR       .....                  (no boots)
Stlth    ..........             (no amulet)
HPRegen  0.11/turn              (no ring)
MPRegen  0.09/turn              (no ring)

@: heavily drained
A: horns 1, rot immunity
a: Renounce Religion


You were on level 3 of the Dungeon.
You worshipped Trog.
Trog was noncommittal.
You were not hungry.

You visited 1 branch of the dungeon, and saw 3 of its levels.

You collected 73 gold pieces.

Inventory:

Hand Weapons
 a - a +0 long sword (weapon)
Armour
 b - a +0 scale mail (worn)
 c - a +0 kite shield (worn)
Scrolls
 e - 4 scrolls of remove curse {unknown}
 j - a scroll of teleportation {unknown}
 l - 4 scrolls of immolation {unknown}
 m - 2 scrolls of enchant armour {unknown}
Potions
 d - 2 potions of might
 h - 2 potions of curing {unknown}
 i - 2 potions of flight {unknown}
 k - a potion of haste {unknown}
Comestibles
 f - 3 rations
 g - 6 chunks of flesh


   Skills:
 + Level 3.5(1.9) Fighting
 + Level 2.9(1.3) Long Blades
 + Level 3.2(1.6) Armour
 + Level 0.3(0.0) Dodging
 + Level 3.0(1.4) Shields


You had 3 spell levels left.
You didn't know any spells.
Your spell library was empty.

Dungeon Overview and Level Annotations

Branches:
Dungeon (3/15)

Altars:
Nemelex Xobeh
Trog


Innate Abilities, Weirdness & Mutations

You have a pair of small horns on your head.
You are immune to rotting.


Message History

The gnoll shouts!
You hear a shout! x2
Items here: )))) [[[ †††
Okay, then.
You block the gnoll's attack.
You slash the gnoll!
The gnoll is severely wounded.
You block the gnoll's attack.
Your shield and scale mail prevent you from hitting the gnoll.
You headbutt the gnoll.
The gnoll is severely wounded.
The gnoll hits you with a cursed -1 flail!
* * * LOW HITPOINT WARNING * * *
A gnoll comes into view. It is wielding a +0 spear.
The gnoll shouts!
You hear a shout!
A gnoll comes into view. It is wielding a +0 halberd.
You barely miss the gnoll.
The gnoll is severely wounded.
The gnoll hits you with a cursed -1 flail!
You die...

## ## #. . #. .# #.##.
... . #.# ..
.##########@# g..
..........#g# ###..(.
.##...###.#g# .....#
........[...#####.....#
.......##.#.g..)......#
......###.#.#####.....#
.##.........# .....#
.......<..# ######
########.##


You could see 3 gnolls.

Vanquished Creatures
  An orc wizard (D:3)
  An adder (D:2)
  A worm (D:2)
  2 dart slugs
  3 orcs (D:3)
  3 bats
  4 giant cockroaches (D:1)
  4 hobgoblins
  2 jackals (D:1)
  7 kobolds
  3 frilled lizards
  8 goblins
  6 rats
45 creatures vanquished.

Notes
Turn   | Place    | Note
-------+----------+-------------------------------------------
     0 | D:1      | Anathary the Demonspawn Fighter began the quest for the
                  | Orb.
     0 | D:1      | Reached XP level 1. HP: 18/18 MP: 1/1
    56 | D:1      | Gained mutation: You are immune to rotting. [demonic
                  | ancestry]
    56 | D:1      | Reached XP level 2. HP: 13/24 MP: 2/2
   202 | D:1      | Found a sparkling altar of Nemelex Xobeh.
   918 | D:2      | Gained mutation: You have a pair of small horns on your
                  | head. [demonic ancestry]
   918 | D:2      | Reached XP level 3. HP: 29/29 MP: 3/3
  1024 | D:2      | Upgraded the game from 0.25.0-1-g7eea58d2a3 to
                  | 0.25.0-8-gfd19cd77bd
  1225 | D:2      | Found a bloodstained altar of Trog.
  1225 | D:2      | Found a sparkling altar of Nemelex Xobeh.
  1232 | D:2      | Became a worshipper of Trog the Wrathful
  1670 | D:3      | Reached XP level 4. HP: 22/35 MP: 4/4
  1699 | D:3      | Slain by a gnoll

Illustrated notes

Levels and vault maps discovered:
D:1:      minmay_arrival_plants_in_alcoves, layout_loops_ring,
          corexii_corridor_pit, st_stairs_7, nemelex_xobeh_ov_fountains_minmay
D:2:      layout_basic, amethyst_overflow_temple_binary
D:3:      layout_loops_cross, nicolae_dithmenos_through_a_glass_darkly,
          first_ration

Skill      XL: |  1  2  3 |
---------------+----------+-----
Long Blades    | 2 |  2.9
Armour         | 3 |  3.2
Shields        | 3 |  3.0
Fighting       | |  3.5
Dodging        | |  0.3

Action                   |  1- 3 |  4- 6 || total
-------------------------+-------+-------++-------
Melee: Long sword        |   130 |    12 ||   142
       Headbutt          |     5 |     2 ||     7
  Eat: Chunk             |     3 |       ||     3
Armor: Scale mail        |    48 |     4 ||    52
Dodge: Dodged            |    49 |     3 ||    52
Block: Kite shield       |    77 |     5 ||    82
       Rpst.: Long sword |    16 |       ||    16
